 Dungeon Crawl Stone Soup version 0.24-a0-235-g3f03afcf10 (webtiles) character file.

Game seed: 15661691420070291465

4337 HAL9000 the Covert (level 10, -9/49 HPs)
             Began as a Vine Stalker Assassin on Apr 5, 2019.
             Was a Believer of Dithmenos.
             Mangled by a two-headed ogre
             ... wielding a +0 giant spiked club
              (25 damage)
             ... on level 8 of the Dungeon.
             The game lasted 00:24:58 (7859 turns).

HAL9000 the Covert (Vine Stalker Assassin)          Turns: 7859, Time: 00:24:59

Health: -9/49      AC:  6    Str: 15    XL:     10   Next: 33%
Magic:  0/11       EV: 11    Int: 11    God:    Dithmenos [**....]
Gold:   434        SH:  4    Dex: 18    Spells: 9/9 levels left

rFire    . . .     SeeInvis .   a - +2 dagger
rCold    . . .     Gourm    .   H - +0 buckler
rNeg     + . .     Faith    .   c - +0 robe
rPois    .         Spirit   +   B - +0 helmet
rElec    .         Reflect  .   f - +0 cloak
rCorr    .         Harm     .   p - +1 pair of gloves
MR       +....     Rnd*Tele +   (no boots)
Stlth    +++++++...             u - amulet of regeneration
HPRegen  0.96/turn              l - ring of positive energy
MPRegen  0.12/turn              d - ring of teleportation (curse)

@: wreathed by umbra
A: fangs 3, regeneration 1, magic shield, antimagic bite, no potion heal 3, rot
immunity
a: Shadow Step, Renounce Religion


You were on level 8 of the Dungeon.
You worshipped Dithmenos.
Dithmenos was pleased with you.
You were not hungry.

You visited 2 branches of the dungeon, and saw 10 of its levels.

You collected 434 gold pieces.

Inventory:

Hand Weapons
 a - a +2 dagger (weapon)
 b - a +0 blowgun
 F - a +0 rapier
Missiles
 e - 12 poisoned needles
Armour
 c - a +0 robe (worn)
 f - a +0 cloak (worn)
 p - a +1 pair of gloves (worn)
 B - a +0 helmet (worn)
 H - a +0 buckler (worn)
Jewellery
 d - a cursed ring of teleportation (right hand)
 l - a ring of positive energy (left hand)
 s - the ring "Bilism" {*Tele rF- Str+2 Dex+4}
   (You found it on level 6 of the Dungeon)

   [ring of teleportation]

   It may teleport you next to monsters.
   It affects your strength (+2).
   It affects your dexterity (+4).
   It makes you vulnerable to fire.
 u - an amulet of regeneration (around neck)
Wands
 j - a wand of flame (13)
 y - a wand of acid (8)
Scrolls
 i - a scroll of fear
 k - a scroll of teleportation
 m - 4 scrolls of amnesia
 r - 2 scrolls of immolation
 t - a scroll of magic mapping {unknown}
 E - a scroll of enchant armour
 G - a scroll of identify
Potions
 h - a potion of agility {unknown}
 n - 2 potions of might {unknown}
 o - a potion of invisibility {unknown}
 q - 2 potions of flight
 v - a potion of ambrosia {unknown}
 w - 3 potions of lignification
 x - 2 potions of resistance
 z - a potion of curing {unknown}
 A - 3 potions of brilliance {unknown}
 C - 3 potions of haste
 D - a potion of degeneration {unknown}
Comestibles
 g - 16 rations


   Skills:
 - Level 3.4 Fighting
 - Level 10.0 Short Blades
 - Level 1.7 Throwing
 - Level 0.7 Dodging
 - Level 12.9 Stealth


You had 9 spell levels left.
You didn't know any spells.
Your spell library was empty.

Dungeon Overview and Level Annotations

Branches:
Dungeon (9/15)             Temple (1/1) D:4
   Lair: D:8-11         Orc: D:9-12

Altars:
Ashenzari
Cheibriados
Dithmenos
Elyvilon
Fedhas
Gozag
Hepliaklqana
Kikubaaqudgha
Makhleb
Nemelex Xobeh
Okawaru
Qazlal
Ru
Sif Muna
Trog
Uskayaw
Vehumet
Wu Jian
Xom
Yredelemnul
Zin
The Shining One

Shops:
D:7 (


Innate Abilities, Weirdness & Mutations

You have razor-sharp teeth.
Your natural rate of healing is unusually fast.
When hurt, damage is shared between your health and your magic reserves.
Your bite disrupts and absorbs the magic of your enemies.
Potions cannot restore your health.
You are immune to rotting.


Message History

Aim: a two-headed ogre, wielding two +0 giant spiked clubs (umbra)
The bolt of acid hits the two-headed ogre!
The two-headed ogre is splashed with acid.
The acid corrodes the two-headed ogre!
The two-headed ogre is heavily wounded.
You hit the two-headed ogre. You bite the two-headed ogre. You drain its power.
You feel invigorated.
The two-headed ogre is heavily wounded.
The two-headed ogre hits you with a +0 giant spiked club!!
The two-headed ogre hits you with a +0 giant spiked club!
* * * LOW HITPOINT WARNING * * *
You hit the two-headed ogre. You bite the two-headed ogre! You drain its power.
You feel invigorated.
The two-headed ogre is severely wounded.
The two-headed ogre is no longer covered in acid.
You hit the two-headed ogre.
The two-headed ogre is severely wounded.
The two-headed ogre hits you with a +0 giant spiked club!!
Ouch! That really hurt!
You die...

####.# #....# #.###
#.# #.#..# #.#
####### #.# #...##
#.# #.#.#.###
#.#####.### #.#
#.#.#.#ยง#
#.......####### #.#
..')#.#'##
##.#.###......# #.#
..#......#
#.........##.###.#
..#.#.#..#
###O.............#
..########
#.@...#.<#.########
)..# #........#.#
#.. ...#
#..........# #.#
...#
##..#.#..########.#
.#)#######
#.......# #...##.#
..((..)..#
##......# #.......
##.#####.# ##...###
#...#### ##.# #.#
#...######.## #
...#####.###
#...##.###.# ##


You could see a two-headed ogre.

Vanquished Creatures
  A spriggan (D:8)
  A wraith (D:7)
  Eustachio (D:5)
  A wyvern (D:9)
  Menkaure (D:7)
  A hungry ghost (D:8)
  3 orc warriors (D:8)
  A phantom (D:8)
  6 ogres
  4 centaurs
  A big kobold (D:7)
  3 bullfrogs
  A gnoll sergeant (D:8)
  4 scorpions
  6 wights
  6 howler monkeys
  4 crimson imps
  A quasit (D:8)
  Crazy Yiuf (D:7)
  A bullfrog zombie (D:5)
  A centaur skeleton (D:7)
  3 human zombies (D:7)
  A gnoll shaman (D:4)
  7 hounds
  An iron imp (D:5)
  4 orc priests
  3 orc wizards
  2 human skeletons (D:7)
  2 iguanas
  2 worker ants (D:5)
  An ogre zombie (D:7)
  An ogre skeleton (D:7)
  A mummy (D:7)
  A worker ant zombie (D:5)
  5 gnolls (D:4)
  9 adders
  3 oozes
  An adder skeleton (D:7)
  8 worms
  5 dart slugs
  6 leopard geckos
  21 orcs
  8 bats
  4 giant cockroaches
  9 goblins
  10 hobgoblins
  7 jackals
  7 quokkas
  3 ball pythons
  8 frilled lizards
  11 kobolds
  An orc zombie (D:7)
  6 rats
210 creatures vanquished.

Vanquished Creatures (others)
  A plant (D:9)
1 creature vanquished.

Grand Total: 211 creatures vanquished

Notes
Turn   | Place    | Note
-------+----------+-------------------------------------------
     0 | D:1      | HAL9000 the Vine Stalker Assassin began the quest for the
                  | Orb.
     0 | D:1      | Reached XP level 1. HP: 11/11 MP: 2/2
     3 | D:1      | Noticed an electric eel
     3 | D:1      | Noticed an electric eel
   109 | D:1      | Reached XP level 2. HP: 13/15 MP: 3/3
   347 | D:1      | Reached XP level 3. HP: 17/18 MP: 4/4
   881 | D:2      | Found an opulent altar of Gozag.
  1273 | D:2      | Gained mutation: Your natural rate of healing is unusually
                  | fast. [Vine Stalker growth]
  1273 | D:2      | Reached XP level 4. HP: 18/23 MP: 3/5
  1498 | D:2      | Reached XP level 5. HP: 20/27 MP: 4/6
  1627 | D:2      | Found a burning altar of Makhleb.
  1700 | D:2      | Found a basalt altar of Yredelemnul.
  2074 | D:3      | Found a stormy altar of Qazlal.
  2295 | D:3      | Found an iron altar of Okawaru.
  2318 | D:3      | Found a white marble altar of Elyvilon.
  2556 | D:4      | Reached XP level 6. HP: 32/32 MP: 7/7
  2575 | D:4      | Found a staircase to the Ecumenical Temple.
  2595 | D:4      | Reached skill level 5 in Short Blades
  2619 | Temple   | Entered the Ecumenical Temple
  2710 | Temple   | Became a worshipper of Dithmenos the Shadowed
  3528 | D:5      | Entered Level 5 of the Dungeon
  3587 | D:5      | Reached skill level 5 in Stealth
  3587 | D:5      | Reached XP level 7. HP: 36/36 MP: 8/8
  3930 | D:5      | Found a snail-covered altar of Cheibriados.
  3986 | D:5      | Found a hazy altar of Hepliaklqana.
  4085 | D:5      | Reached skill level 6 in Stealth
  4176 | D:5      | Gained mutation: You have razor-sharp teeth. [Vine Stalker
                  | growth]
  4176 | D:5      | Reached XP level 8. HP: 40/40 MP: 9/9
  4294 | D:5      | Reached * piety under Dithmenos
  4321 | D:5      | Noticed Eustachio
  4346 | D:5      | Killed Eustachio
  4900 | D:6      | Reached skill level 7 in Stealth
  5441 | D:6      | Got a sparkling turquoise ring
  5448 | D:6      | Identified the ring "Bilism" {*Tele rF- Str+2 Dex+4} (You
                  | found it on level 6 of the Dungeon)
  5566 | D:6      | Reached XP level 9. HP: 29/44 MP: 10/10
  5700 | D:6      | Found an ornate altar of the Wu Jian Council.
  5808 | D:7      | Found a runed translucent door.
  5809 | D:7      | Noticed Crazy Yiuf
  5825 | D:7      | Killed Crazy Yiuf
  5924 | D:7      | Noticed Menkaure
  5994 | D:7      | Reached skill level 8 in Stealth
  6083 | D:7      | Found a radiant altar of Vehumet.
  6149 | D:7      | Reached ** piety under Dithmenos
  6164 | D:7      | Killed Menkaure
  6282 | D:7      | Found Ibounuoh's Weapon Shoppe.
  6302 | D:7      | Found a shattered altar of Ashenzari.
  6354 | D:7      | Reached skill level 10 in Short Blades
  6535 | D:7      | Reached skill level 9 in Stealth
  6580 | D:7      | Found an ancient bone altar of Kikubaaqudgha.
  6592 | D:7      | Reached skill level 10 in Stealth
  6798 | D:8      | Found the +9 sword of Zonguldrok {reap}
  6853 | D:8      | Reached skill level 11 in Stealth
  6897 | D:8      | Reached XP level 10. HP: 49/49 MP: 11/11
  7054 | D:8      | Reached skill level 12 in Stealth
  7144 | D:8      | Reached *** piety under Dithmenos
  7425 | D:8      | Found a deep blue altar of Sif Muna.
  7440 | D:8      | Identified Sif Muna's Grimoire of Talismans
  7817 | D:9      | Noticed a two-headed ogre
  7859 | D:8      | Mangled by a two-headed ogre

Levels and vault maps discovered:
D:1:      arrival_aquarium_b, layout_basic, hex_large, minmay_split_cup_large
D:2:      layout_basic, lightli_temple_of_fire, overflow_temple_1_default,
          grunt_gozag_statues
D:3:      layout_rooms, lemuel_doored_altar, old_standard_altar,
          elyvilon_altar_5, st_stairs_9
D:4:      minmay_spotlight, layout_layer_cave, minmay_temple_entry_junction_2,
          first_ration
D:5:      layout_gridville, kennysheep_mini_moat, dk_noncrumbling_2,
          chei_slow_surprise, uniq_eustachio
D:6:      layout_gridville, lemuel_crystal_altar
D:7:      layout_loops_ring, vehumet_altar_wand_db, overflow_temple_1_default,
          lemuel_mausoleum_altar_kikubaaqudgha, serial_shops, shop, hex_tiny,
          uniq_crazy_yiuf_cottage, uniq_menkaure
D:8:      layout_loops_cross, led_sif_book, grunt_pizzeria, sword_in_stone
D:9:      layout_gridville, minmay_lair_entry_grove, uniq_harold, uniq_psyche
Temple:   zaba_magenta_temple

Skill      XL: |  1  2  3  4  5  6  7  8  9 10 |
---------------+-------------------------------+-----
Short Blades   | 2 3 4 6 7 9 10 | 10.0
Fighting       | 2 3 |  3.4
Stealth        | 5 6 7 11 12 | 12.9
Throwing       | |  1.7
Dodging        | |  0.7

Action                   |  1- 3 |  4- 6 |  7- 9 | 10-12 || total
-------------------------+-------+-------+-------+-------++-------
Melee: Dagger            |   108 |   208 |   370 |    98 ||   784
       Bite              |    30 |    64 |   126 |    41 ||   261
 Fire: Blowgun           |     5 |     6 |     4 |       ||    15
Invok: Shadow Step       |       |       |       |     2 ||     2
Evoke: Wand              |       |       |     2 |     1 ||     3
  Use: Scroll            |       |       |    15 |       ||    15
 Stab: Sleeping          |     1 |    12 |    31 |    11 ||    55
       Distracted        |       |     2 |     2 |       ||     4
  Eat: Chunk             |     1 |     7 |    11 |     3 ||    22
Armor: Robe              |    23 |    30 |    45 |    10 ||   108
Dodge: Dodged            |    55 |    94 |   121 |    25 ||   295
Block: Buckler           |       |       |       |     1 ||     1

Table legend:
 A = Non-vault XP
 B = Vault XP
 C = Vault XP percentage of total XP
 D = Non-vault monster count
 E = Vault monster count
 F = Vault count percentage of total count
                 A         B        C        D         E       F
            +---------+---------+-------+---------+---------+-------
      Total |    4336 |    1860 |  30.0 |     175 |      35 |  16.7
            +---------+---------+-------+---------+---------+-------
        D:1 |      33 |       9 |  21.4 |      16 |       4 |  20.0
        D:2 |     158 |       6 |   3.7 |      33 |       2 |   5.7
        D:3 |      39 |      14 |  26.4 |      19 |       1 |   5.0
        D:4 |     260 |      55 |  17.5 |      15 |       4 |  21.1
        D:5 |     746 |     242 |  24.5 |      19 |       2 |   9.5
        D:6 |     918 |       0 |   0.0 |      20 |       0 |   0.0
        D:7 |     712 |     878 |  55.2 |      26 |      16 |  38.1
        D:8 |    1210 |     656 |  35.2 |      25 |       6 |  19.4
        D:9 |     260 |       0 |   0.0 |       2 |       0 |   0.0
            +---------+---------+-------+---------+---------+-------
